 Dungeon Crawl Stone Soup version 0.24.0-123-gd5b16e6ec5 (webtiles) character file.

Game seed: 178967199899449875, levelgen mode: deterministic

5212 vurker the Fighter (level 10, -5/88 HPs)
             Began as a Gnoll Wanderer on Feb 2, 2020.
             Was a Priest of Cheibriados.
             Slain by a death yak (22 damage)
             ... on level 9 of the Dungeon.
             The game lasted 00:17:40 (12483 turns).

vurker the Fighter (Gnoll Wanderer)                Turns: 12483, Time: 00:17:41

Health: -5/88      AC: 13    Str: 26    XL:     10   Next: 61%
Magic:  18/18      EV: 12    Int: 30    God:    Cheibriados [***...]
Gold:   171        SH:  0    Dex: 19    Spells: 19/19 levels left

rFire    . . .     SeeInvis .   i - +2 dagger (venom)
rCold    . . .     Gourm    +   (no shield)
rNeg     . . .     Faith    .   u - +0 chain mail
rPois    .         Spirit   .   k - +0 helmet {Int+3}
rElec    .         Reflect  .   D - +1 cloak
rCorr    .         Harm     .   (no gloves)
MR       .....                  (no boots)
Stlth    ..........             v - amulet of the gourmand
HPRegen  0.24/turn              h - ring of wizardry
MPRegen  0.16/turn              C - +4 ring of intelligence

@: very slightly contaminated, invisible (expiring), very slow
A: distributed training, fangs 1, strong nose
a: Bend Time, Temporal Distortion, Renounce Religion


You were on level 9 of the Dungeon.
You worshipped Cheibriados.
Cheibriados was most pleased with you.
You were not hungry.

You visited 2 branches of the dungeon, and saw 10 of its levels.
You also visited: Bailey.

You collected 449 gold pieces.
You spent 278 gold pieces at shops.

Inventory:

Hand Weapons
 i - a +2 dagger of venom (weapon)
   (You took it off an orc wizard on level 3 of the Dungeon)
Armour
 k - a +0 helmet of intelligence (worn)
   (You acquired it on level 7 of the Dungeon)
 u - a +0 chain mail (worn)
   (You found it on level 4 of the Dungeon)
 x - a +0 hat
   (You found it on level 6 of the Dungeon)
 D - a +1 cloak (worn)
   (You took it off Crazy Yiuf on level 7 of the Dungeon)
Jewellery
 g - a +2 ring of dexterity
   (You found it on level 8 of the Dungeon)
 h - a ring of wizardry (left hand)
   (You found it on level 1 of the Dungeon)
 v - an amulet of the gourmand (around neck)
   (You found it on level 8 of the Dungeon)
 C - a +4 ring of intelligence (right hand)
   (You found it on level 7 of the Dungeon)
Wands
 c - a wand of disintegration (4)
   (You found it on level 6 of the Dungeon)
Scrolls
 b - 13 scrolls of teleportation
 f - 2 scrolls of enchant weapon
 j - a scroll of fog
 l - 4 scrolls of immolation
 n - a scroll of magic mapping
 o - a scroll of enchant armour
 p - 6 scrolls of remove curse
 A - a scroll of amnesia
Potions
 a - 4 potions of flight
 d - 4 potions of cancellation
 m - a potion of mutation
 q - 2 potions of lignification
 r - 2 potions of curing
 s - a potion of heal wounds
 w - a potion of brilliance
Comestibles
 e - 8 rations


   Skills:
 + Level 11.5 Fighting
 + Level 5.3 Short Blades
 + Level 5.3 Long Blades
 + Level 7.1 Axes
 + Level 5.3 Maces & Flails
 + Level 5.3 Polearms
 + Level 5.3 Staves
 + Level 5.3 Slings
 + Level 5.3 Bows
 + Level 5.3 Crossbows
 + Level 5.3 Throwing
 + Level 6.0 Armour
 + Level 5.3 Dodging
 + Level 5.9 Stealth
 + Level 6.0 Shields
 + Level 5.3 Unarmed Combat
 + Level 5.3 Spellcasting
 + Level 4.4 Conjurations
 + Level 4.4 Hexes
 + Level 4.4 Charms
 + Level 4.4 Summonings
 + Level 4.4 Necromancy
 + Level 4.4 Translocations
 + Level 4.4 Transmutations
 + Level 4.4 Fire Magic
 + Level 4.4 Ice Magic
 + Level 4.4 Air Magic
 + Level 4.4 Earth Magic
 + Level 4.4 Poison Magic
 + Level 5.9 Invocations
 + Level 5.3 Evocations


You had 19 spell levels left.
You didn't know any spells.
Your spell library contained the following spells:

 Spells                   Type           Power        Failure   Level  Hunger
 Confusing Touch          Hex            ####..       1%          1    None
 Magic Dart               Conj           ####         1%          1    None
 Shock                    Conj/Air       ####         1%          1    None
 Searing Ray              Conj           ####..       3%          2    None
 Swiftness                Chrm/Air       ####....     3%          2    None
 Confuse                  Hex            ####....     6%          3    None
 Dazzling Spray           Conj/Hex       ####..       6%          3    None
 Gell's Gravitas          Tloc           ####......   6%          3    None
 Static Discharge         Conj/Air       ####....     6%          3    None
 Airstrike                Air            ####......   21%         4    ###....
 Force Lance              Conj/Tloc      ####....     21%         4    ###....
 Fulminant Prism          Conj/Hex       ####......   21%         4    ###....
 Iskenderun's Mystic Bla  Conj           ####....     21%         4    ###....
 Petrify                  Tmut/Erth      ####....     21%         4    ###....
 Lightning Bolt           Conj/Air       ####......   45%         5    #####..
 Metabolic Englaciation   Hex/Ice        ####......   45%         5    #####..
 Yara's Violent Unravell  Hex/Tmut       ####......   45%         5    #####..


Dungeon Overview and Level Annotations

Branches:
Dungeon (9/15)             Temple (1/1) D:5            Lair (0/6) D:9
 Bailey (visited)
    Orc: D:9-12

Altars:
Ashenzari
Cheibriados
Dithmenos
Elyvilon
Fedhas
Gozag
Hepliaklqana
Kikubaaqudgha
Makhleb
Nemelex Xobeh
Okawaru
Qazlal
Ru
Sif Muna
Trog
Uskayaw
Vehumet
Wu Jian
Xom
Yredelemnul
Zin
The Shining One

Shops:
D:2 *   D:5 }!*(!


Innate Abilities, Weirdness & Mutations

Your experience applies equally to all skills.
You have very sharp teeth.
Your uncanny sense of smell can sniff out nearby items.


Message History

You hit the death yak.
The death yak is poisoned.
The death yak closely misses you.
You strike the helpless death yak from behind!
You impale the death yak!!
The death yak looks as sick as possible!
You bite the death yak, but do no damage.
You hit the death yak but do no damage.
The death yak looks even sicker.
The death yak gores you!!
* * * LOW HITPOINT WARNING * * *
You hit the death yak.
The death yak looks as sick as possible!
You punch the death yak! The death yak gores you!
* * * LOW HITPOINT WARNING * * *
You strike the helpless death yak from behind!
You impale the death yak!!
You kill the death yak!
Cheibriados thoroughly appreciates the change of pace.
Your Armour skill increases to level 6!
Your Shields skill increases to level 6!
The death yak barely misses you.
Unknown command.
Unknown command.
You hit the death yak but do no damage.
The death yak looks as sick as possible!
You hit the death yak but do no damage.
The death yak looks as sick as possible!
The death yak barely misses you.
You hit the death yak but do no damage.
You bite the death yak, but do no damage.
The death yak barely misses you.
You hit the death yak but do no damage. You punch the death yak.
The death yak gores you!!
* * * LOW HITPOINT WARNING * * *
You feel much better. The death yak barely misses you.
You catch the helpless death yak completely off-guard!
You impale the death yak!!
The death yak looks as sick as possible!
You bite the death yak, but do no damage.
You hit the death yak but do no damage.
The death yak looks as sick as possible!
You punch the death yak, but do no damage.
You bite the death yak, but do no damage.
You flicker for a moment.
The death yak gores you!
* * * LOW HITPOINT WARNING * * *
You hit the death yak.
The death yak looks as sick as possible!
You punch the death yak, but do no damage.
The death yak gores you!!
You die...

#######..###'##........#....
#......(.#..................
#......(.............#.....
#......(..................
#......_)..............#
#...)..................#
#####.....#####..r.....#
#.............###Y##...########
#....<..........@..#..........#
#..................#..........#
#..................#..........#
#..................#..รท.......#
#..................#..........#
#..................#..........#
#..................#..........#
#..................#..........#
###############################


You could see a death yak and a porcupine.

Vanquished Creatures
  2 death yaks (D:9)
  A troll (D:9)
  A hornet (D:9)
  2 hippogriffs
  A wyvern (D:7)
  An ice beast (D:6)
  An eye of draining (D:9)
  2 sky beasts
  2 phantoms (D:8)
  4 centaurs
  A big kobold (D:8)
  6 bullfrogs
  6 scorpions
  4 wights (D:6)
  6 howler monkeys
  2 jellies
  3 crimson imps
  4 hounds
  A centaur zombie (D:6)
  A quasit (D:8)
  A bullfrog zombie (D:9)
  8 orc wizards
  3 orc priests
  Crazy Yiuf (D:7)
  A centaur skeleton (D:4)
  3 iguanas
  3 worker ants
  2 hound skeletons
  A worker ant zombie (D:8)
  3 gnolls (D:8)
  A howler monkey skeleton (D:4)
  3 adders
  A shadow imp (D:5)
  2 oozes
  2 adder skeletons
  3 worms
  2 dart slugs
  4 leopard geckos
  26 orcs
  10 bats
  8 giant cockroaches
  3 goblins
  4 hobgoblins
  13 jackals
  4 quokkas
  4 frilled lizards
  2 jackal skeletons
  9 kobolds
  A quokka skeleton (D:5)
  6 rats
185 creatures vanquished.

Notes
Turn   | Place    | Note
-------+----------+-------------------------------------------
     0 | D:1      | Reached skill level 10 in Fighting
     0 | D:1      | vurker the Gnoll Wanderer began the quest for the Orb.
     0 | D:1      | vurker set off with the following items: a +2 hand axe, 2
                  | scrolls of teleportation, a +0 robe, a ration
     0 | D:1      | Reached XP level 1. HP: 28/28 MP: 1/1
    26 | D:1      | Reached XP level 2. HP: 27/36 MP: 2/2
   921 | D:2      | Reached XP level 3. HP: 29/42 MP: 3/3
  1236 | D:2      | Reached skill level 1 in Invocations
  1254 | D:2      | Found a faded altar of an unknown god.
  1519 | D:2      | Found an opulent altar of Gozag.
  1521 | D:2      | Found Gozag's Platinum Reserve.
  1877 | D:2      | Reached skill level 1 in Short Blades
  1877 | D:2      | Reached skill level 1 in Long Blades
  1877 | D:2      | Reached skill level 1 in Maces & Flails
  1877 | D:2      | Reached skill level 1 in Polearms
  1877 | D:2      | Reached skill level 1 in Staves
  1877 | D:2      | Reached skill level 1 in Slings
  1877 | D:2      | Reached skill level 1 in Bows
  1877 | D:2      | Reached skill level 1 in Crossbows
  1877 | D:2      | Reached skill level 1 in Throwing
  1877 | D:2      | Reached skill level 1 in Dodging
  1877 | D:2      | Reached skill level 1 in Unarmed Combat
  1877 | D:2      | Reached skill level 1 in Spellcasting
  1877 | D:2      | Reached skill level 1 in Evocations
  2050 | D:2      | Reached XP level 4. HP: 11/48 MP: 5/5
  2383 | D:3      | Reached skill level 1 in Conjurations
  2383 | D:3      | Reached skill level 1 in Hexes
  2383 | D:3      | Reached skill level 1 in Charms
  2383 | D:3      | Reached skill level 1 in Summonings
  2383 | D:3      | Reached skill level 1 in Necromancy
  2383 | D:3      | Reached skill level 1 in Translocations
  2383 | D:3      | Reached skill level 1 in Transmutations
  2383 | D:3      | Reached skill level 1 in Fire Magic
  2383 | D:3      | Reached skill level 1 in Ice Magic
  2383 | D:3      | Reached skill level 1 in Air Magic
  2383 | D:3      | Reached skill level 1 in Earth Magic
  2383 | D:3      | Reached skill level 1 in Poison Magic
  2383 | D:3      | Reached XP level 5. HP: 28/54 MP: 6/6
  3153 | D:3      | Noticed a sky beast
  3169 | D:3      | Killed a sky beast
  3169 | D:3      | Reached XP level 6. HP: 36/61 MP: 8/8
  3952 | D:4      | Found a sacrificial altar of Ru.
  3979 | D:4      | Reached skill level 5 in Axes
  4263 | D:4      | Reached XP level 7. HP: 35/67 MP: 10/10
  5031 | D:5      | Entered Level 5 of the Dungeon
  5031 | D:5      | Found Resaa's Weapon Emporium.
  5043 | D:5      | Found a staircase to the Ecumenical Temple.
  5071 | Temple   | Entered the Ecumenical Temple
  5109 | Temple   | Became a worshipper of Cheibriados the Contemplative
  5131 | D:5      | Found Ephou's Distillery.
  5142 | D:5      | Bought 2 potions of heal wounds for 140 gold pieces
  5997 | D:5      | Found Tasteoh's Gadget Boutique.
  6111 | D:5      | Found Ocvep's Assorted Antiques.
  6176 | D:5      | Found Nyulokat's Distillery.
  6852 | D:6      | Reached XP level 8. HP: 72/74 MP: 12/12
  7223 | D:6      | Got an ichor-stained leather armour
  7234 | D:6      | Identified the +3 leather armour of Huogank {Regen+ Dex+2
                  | Stlth+} (You found it on level 6 of the Dungeon)
  8635 | D:7      | Found an ornate altar of the Wu Jian Council.
  8660 | D:7      | Found a flagged portal.
  8671 | Bailey   | Entered a bailey
  8681 | Bailey   | Noticed an orc knight
  8723 | D:7      | Noticed a hippogriff
  8742 | D:7      | Reached * piety under Cheibriados
  8765 | D:7      | Killed a hippogriff
  8765 | D:7      | Reached skill level 11 in Fighting
  8765 | D:7      | Reached XP level 9. HP: 14/81 MP: 14/14
  9379 | D:7      | Found a burning altar of Makhleb.
  9458 | D:7      | Found a runed translucent door.
  9459 | D:7      | Noticed Crazy Yiuf
  9750 | D:7      | Killed Crazy Yiuf
  9921 | D:5      | Bought a scroll labeled GACRAE ICHEEG for 23 gold pieces
  9921 | D:5      | Bought a scroll labeled REKUBA YTATSO for 23 gold pieces
  9921 | D:5      | Bought a scroll labeled HOZ YMYHIGUABBULA for 23 gold
                  | pieces
  9921 | D:5      | Bought a scroll labeled HOZ YMYHIGUABBULA for 23 gold
                  | pieces
  9921 | D:5      | Bought a scroll labeled NOZEWI TAHE for 23 gold pieces
  9921 | D:5      | Bought a scroll labeled JELURE ASIOSIA for 23 gold pieces
 10383 | D:8      | Reached skill level 5 in Armour
 10383 | D:8      | Reached skill level 5 in Shields
 10625 | D:8      | Reached ** piety under Cheibriados
 10625 | D:8      | Reached skill level 5 in Stealth
 11233 | D:8      | Reached skill level 5 in Invocations
 11382 | D:9      | Noticed a troll
 11394 | D:9      | Killed a troll
 11660 | D:9      | Reached XP level 10. HP: 85/88 MP: 17/17
 11845 | D:9      | Reached *** piety under Cheibriados
 11966 | D:9      | Found a hazy altar of Hepliaklqana.
 11990 | D:9      | Reached skill level 5 in Short Blades
 11990 | D:9      | Reached skill level 5 in Long Blades
 11990 | D:9      | Reached skill level 5 in Maces & Flails
 11990 | D:9      | Reached skill level 5 in Polearms
 11990 | D:9      | Reached skill level 5 in Staves
 11990 | D:9      | Reached skill level 5 in Slings
 11990 | D:9      | Reached skill level 5 in Bows
 11990 | D:9      | Reached skill level 5 in Crossbows
 11990 | D:9      | Reached skill level 5 in Throwing
 11990 | D:9      | Reached skill level 5 in Dodging
 11990 | D:9      | Reached skill level 5 in Unarmed Combat
 11990 | D:9      | Reached skill level 5 in Spellcasting
 11990 | D:9      | Reached skill level 5 in Evocations
 12153 | D:9      | Noticed a death yak
 12155 | D:9      | Found a staircase to the Lair.
 12171 | D:9      | Killed a death yak
 12456 | D:9      | Noticed a death yak
 12459 | D:9      | Noticed a death yak
 12475 | D:9      | Killed a death yak
 12483 | D:9      | Slain by a death yak

Levels and vault maps discovered:
D:1:      scummos_arrival_simple_fountains, layout_loops_corners,
          minmay_misc_feat_secret_circle, hangedman_feature_mirror,
          minmay_tromino_v2
D:2:      layout_loops_corners, serial_glass, glass_columns_a, glass_columns_a,
          glass_columns_c, glass_columns_c, glass_columns_a, glass_columns_a,
          first_ration, chequers_ecumenical_altar_simple, minmay_misc_feat_chi,
          nicolae_gozag_zags_fifth_avenue
D:3:      layout_basic, serial_glass, glass_columns_a, glass_columns_b,
          kennysheep_generic_room_2
D:4:      layout_basic, nicolae_ru_path_of_blood
D:5:      layout_loops_corners, minmay_temple_entry_glass, serial_shops, shop,
          shop, shop, shop, shop
D:6:      layout_loops_corners, dk_rats_in_the_wall
D:7:      layout_loops_ring, kennysheep_mini_moat, enter_bailey_2,
          makhleb_heckhound_becter, uniq_crazy_yiuf_cottage
D:8:      layout_gridville
D:9:      layout_grid_maze, dpeg_lair_monsters, basic_altar
Temple:   nicolae_temple_the_god_donut

Skill      XL: |  1  2  3  4  5  6  7  8  9 10 |
---------------+-------------------------------+-----
Fighting       | 11 | 11.5
Invocations    | 1 2 3 4 5 |  5.9
Short Blades   | 1 2 3 4 5 |  5.3
Long Blades    | 1 2 3 4 5 |  5.3
Maces & Flails | 1 2 3 4 5 |  5.3
Polearms       | 1 2 3 4 5 |  5.3
Staves         | 1 2 3 4 5 |  5.3
Slings         | 1 2 3 4 5 |  5.3
Bows           | 1 2 3 4 5 |  5.3
Crossbows      | 1 2 3 4 5 |  5.3
Throwing       | 1 2 3 4 5 |  5.3
Dodging        | 1 2 3 4 5 |  5.3
Unarmed Combat | 1 2 3 4 5 |  5.3
Spellcasting   | 1 2 3 4 5 |  5.3
Evocations     | 1 2 3 4 5 |  5.3
Conjurations   | 1 2 3 4 |  4.4
Hexes          | 1 2 3 4 |  4.4
Charms         | 1 2 3 4 |  4.4
Summonings     | 1 2 3 4 |  4.4
Necromancy     | 1 2 3 4 |  4.4
Translocations | 1 2 3 4 |  4.4
Transmutations | 1 2 3 4 |  4.4
Fire Magic     | 1 2 3 4 |  4.4
Ice Magic      | 1 2 3 4 |  4.4
Air Magic      | 1 2 3 4 |  4.4
Earth Magic    | 1 2 3 4 |  4.4
Poison Magic   | 1 2 3 4 |  4.4
Armour         | 3 4 5 6 |  6.0
Shields        | 3 4 5 6 |  6.0
Stealth        | 3 4 5 |  5.9
Axes           | 5 6 7 |  7.1

Action                   |  1- 3 |  4- 6 |  7- 9 | 10-12 || total
-------------------------+-------+-------+-------+-------++-------
Melee: Hand axe          |    87 |    10 |       |       ||    97
       Bite              |     5 |    14 |    97 |    25 ||   141
       Dagger            |       |   108 |   638 |    97 ||   843
       Punch             |       |       |    12 |     6 ||    18
Evoke: Wand              |       |       |    11 |     2 ||    13
  Use: Potion            |       |     3 |     1 |     5 ||     9
       Scroll            |       |       |    18 |     1 ||    19
 Stab: Sleeping          |     3 |     5 |       |       ||     8
       Invisible         |       |       |       |     4 ||     4
  Eat: Chunk             |     3 |     6 |     8 |     2 ||    19
       Ration            |       |       |     4 |       ||     4
Armor: Robe              |    20 |    22 |     1 |       ||    43
       Chain mail        |       |       |   325 |    45 ||   370
Dodge: Dodged            |    55 |    88 |   269 |    56 ||   468
